 Dungeon Crawl Stone Soup version 0.16.0-8-gd9ae3a8 (console) character file.

202 gw the Ruffian (level 5, -3/45 HPs)
             Began as a Naga Transmuter on Mar 16, 2015.
             Killed from afar by Terence (9 damage)
             ... with a wand of flame
             ... on level 3 of the Dungeon.
             The game lasted 00:08:01 (3605 turns).

gw the Ruffian (Naga Transmuter)                    Turns: 3605, Time: 00:08:01

Health: -3/45      AC:  3    Str: 12    XL:     5   Next: 80%
Magic:  11/11      EV: 10    Int: 15    God:    Xom [......]
Gold:   93         SH:  0    Dex: 11    Spells: 3 memorised, 2 levels left

rFire  . . .     SeeInvis +       - Unarmed
rCold  . . .     Clarity  .     c - +0 robe
rNeg   . . .     SustAb   .     (no shield)
rPois  +         Gourm    .     (helmet restricted)
rElec  .         Spirit   .     f - +0 cloak
rCorr  .         Warding  .     (no gloves)
rMut   .         Stasis   .     (no barding)
MR     .....                    (no amulet)
Stlth  +.........               (no ring)
                                (no ring)

@: appendage (expiring), very slow, not resistant to hostile enchantments, very
unstealthy
A: spit poison, horns 2, see invisible, deformed body, poison resistance,
slowness 2, AC +1
a: Spit Poison, End Transformation, Renounce Religion


You were on level 3 of the Dungeon.
You worshipped Xom.
You were a very special plaything of Xom.
You were not hungry.
You had grown temporary horns.
You visited 1 branch of the dungeon, and saw 3 of its levels.

You collected 93 gold pieces.

Inventory:

Missiles
 b - 12 arrows
 e - 16 arrows of frost
 h - 36 stones (quivered)
 m - 17 poisoned needles
Armour
 c - a +0 robe (worn)
 f - a +0 cloak (worn)
Scrolls
 j - a scroll of noise {unknown}
Potions
 g - a potion of brilliance
 k - a potion of curing
 l - a potion of might
Books
 d - a book of Changes

   Spells                             Type                      Level
   a - Beastly Appendage              Transmutation                1
   b - Sticks to Snakes               Transmutation                2
   c - Spider Form                    Transmutation/Poison         3
   d - Ice Form                       Ice/Transmutation            4
   e - Blade Hands                    Transmutation                5
Comestibles
 a - 2 bread rations
 i - a slice of pizza


   Skills:
 + Level 2.2 Fighting
 + Level 2.5 Dodging
 + Level 3.7 Unarmed Combat
 + Level 3.1 Spellcasting
 + Level 3.1 Transmutations


You had 2 spell levels left.
You knew the following spells:

 Your Spells              Type           Power        Failure   Level  Hunger
a - Beastly Appendage     Trmt           ##....       8%          1    #......
b - Spider Form           Trmt/Pois      #.........   34%         3    ###....
c - Ice Form              Ice/Trmt       #.......     93%         4    #####..


Dungeon Overview and Level Annotations

Branches:
Dungeon (3/15)

Altars:
Xom
The Shining One

Annotations:
D:3 Terence


Innate Abilities, Weirdness & Mutations

You cannot wear boots.
You can spit poison.
Your serpentine skin is tough (AC +1).
You have supernaturally acute eyesight.
Armour fits poorly on your strangely shaped body.
Your system is resistant to poisons.
You cover ground very slowly.
You have a pair of horns on your head.


Message History

Unknown command.
Unknown command.
Unknown command.
ATTACK MOVE TO (-1,0)
You hit the jackal!
You kill the jackal!
Unknown command.
Unknown command.
Unknown command.
Unknown command.
ATTACK MOVE TO (0,-1) Terence drinks a potion.
Terence suddenly seems more resistant.
Unknown command.
Unknown command.
Unknown command.
Unknown command.
ATTACK MOVE TO (-1,-1) Terence zaps a wand.
The puff of flame hits you!
Terence zaps a wand.
The puff of flame hits you!
You die...

. # ... ..# ......####...
#..##
...(!#....#...####...#
......................#
..(?....<(.##..........#
.....(......#...#.......
......@>....#...........
.............#...........
........N)...###.......<.
$..........%.# #......%..
?..........####.........
....#.....#....#........
### ####.##.............
#.......###.....#
####....# ####### #...>#
#....#


You could see Terence.

Table legend:
 A = Turns spent in this place as a percentage of turns spent in the entire game.
 B = Non-inter-level travel turns spent in this place as a percentage of non-inter-level travel turns spent in the entire game.
 C = Inter-level travel turns spent in this place as a percentage of turns spent in this place.
 D = Turns resting spent in this place as a percentage of non-inter-level travel turns spent in this place.
 E = Turns spent auto-exploring this place as a percentage of non-inter-level travel turns spent in this place.
 F = Non-inter-level travel turns spent in this place divided by the number of levels of this place that you've seen.
                   A       B       C       D       E      F
               +-------+-------+-------+-------+-------+----------------------
         Total | 100.0 | 100.0 |   0.3 |   1.7 |   1.2 | 3059.3
       Dungeon | 100.0 | 100.0 |   0.3 |   1.7 |   1.2 | 3059.3
               +-------+-------+-------+-------+-------+----------------------

Table legend:
 A = Kills in this place as a percentage of kills in entire the game.
 B = Kills by you in this place as a percentage of kills by you in the entire game.
 C = Kills by friends in this place as a percentage of kills by friends in the entire game.
 D = Other kills in this place as a percentage of other kills in the entire game.
 E = Experience gained in this place as a percentage of experience gained in the entire game.
 F = Experience gained in this place divided by the number of levels of this place that you have seen.
                   A       B       C       D       E      F
               +-------+-------+-------+-------+-------+----------------------
         Total | 100.0 | 100.0 |  -nan |  -nan | 100.0 |  96.3
       Dungeon | 100.0 | 100.0 |  -nan |  -nan | 100.0 |  96.3
               +-------+-------+-------+-------+-------+----------------------

Vanquished Creatures
  Sigmund (D:2)
  4 adders
  A gnoll (D:1)
  A worm (D:2)
  3 giant geckos
  An ooze (D:1)
  7 goblins
  10 hobgoblins
  8 kobolds
  2 quokkas
  4 ball pythons
  8 bats
  5 giant cockroaches
  8 jackals
  7 rats
70 creatures vanquished.

Notes
Turn   | Place    | Note
--------------------------------------------------------------
     0 | D:1      | gw, the Naga Transmuter, began the quest for the Orb.
     0 | D:1      | Reached XP level 1. HP: 18/18 MP: 3/3
   347 | D:1      | Reached XP level 2. HP: 22/25 MP: 2/4
   667 | D:1      | Reached XP level 3. HP: 31/31 MP: 4/6
   730 | D:1      | Learned a level 3 spell: Spider Form
   879 | D:1      | Found a shimmering altar of Xom.
   887 | D:1      | Became a worshipper of Xom the Psychopath
  1065 | D:1      | XOM: silly message
  1540 | D:1      | XOM is BORED!
  1540 | D:1      | XOM: mild Summ miscast
  1541 | D:1      | Noticed a spatial vortex
  1749 | D:2      | Found a glowing golden altar of the Shining One.
  1862 | D:2      | XOM: silly message
  2013 | D:2      | Reached XP level 4. HP: 32/39 MP: 6/8
  2071 | D:2      | Learned a level 4 spell: Ice Form
  2217 | D:2      | XOM: silly message
  2271 | D:2      | XOM: divination: detect items
  2585 | D:2      | XOM: harmless Pois miscast
  2690 | D:2      | XOM: divination: magic mapping
  2822 | D:2      | XOM: divination: magic mapping
  2829 | D:2      | Noticed Sigmund
  2840 | D:2      | XOM: harmless Air miscast
  2842 | D:2      | XOM: butterfly on damage
  2850 | D:2      | Upgraded the game from 0.16.0-6-gad6103a to 0.16.0-8-gd9ae3a8
  2854 | D:2      | Killed Sigmund
  2854 | D:2      | Reached XP level 5. HP: 4/45 MP: 4/11
  3515 | D:3      | XOM: stealth player
  3592 | D:3      | XOM: silly message
  3597 | D:3      | Noticed Terence
  3605 | D:3      | Killed from afar by Terence

Action                   |  1- 3 |  4- 6 || total
-------------------------+-------+-------++-------
Melee: Unarmed           |    95 |    80 ||   175
Throw: Stone             |    25 |    54 ||    79
 Cast: Beastly Appendage |    33 |    18 ||    51
       Spider Form       |       |     2 ||     2
 Abil: Spit Poison       |     9 |     1 ||    10
  Use: Potion            |     2 |     4 ||     6
       Scroll            |     1 |     2 ||     3
  Eat: Chunk             |     4 |     6 ||    10

Vault maps used:
D:1:      minmay_arrival_arboretum_small, xom_teletrap_fun
D:2:      lemuel_round_altar, uniq_sigmund
D:3:      uniq_terence
